General information
			
			
        
        - name: BNet
 
        - type: Ladder 1vs1/FFA
 
        - host: Battle.net
 
        - saver: LiVESTOCK
 
        
map: TurtleRock 
        - players: 2
 
        - length: 20:25
 
        - speed: Fast
 - version: 1.22 W3XP
 - replay type:  Public
 
» download(73 KB)
Players
        team 1 (winner) 
              
              
LiVESTOCK (
purple | 89 APM | 1816 actions | 20:25)
              
 4 Blood Mage 
 2 Flame Strike
 2 Siphon Mana
 3 Pandaren Brewmaster 
 2 Breath of Fire
 1 Drunken Haze
 
                » actions 
                
                | Assign group hotkey | 141 |  | 
| Basic commands | 107 |  | 
| Build / train | 73 |  | 
| ESC pressed | 4 |  | 
| Enter build submenu | 20 |  | 
| Enter hero's abilities submenu | 8 |  | 
| Give item / drop item | 2 |  | 
| Right click | 552 |  | 
| Select / deselect | 307 |  | 
| Select group hotkey | 504 |  | 
| Use ability | 98 |  | 
                1816 total
 » units 
                
                | Peasant | 10 |  | 
| Priest | 8 |  | 
| Sorceress | 6 |  | 
| Spell Breaker | 4 |  | 
| Gryphon Rider | 6 |  | 
                34 total
 » upgrades
                » buildings
                
                | Altar of Kings | 1 |  | 
| Farm | 10 |  | 
| Lumber Mill | 1 |  | 
| Scout Tower | 4 |  | 
| Guard Tower | 3 |  | 
| Keep | 1 |  | 
| Arcane Vault | 1 |  | 
| Arcane Sanctum | 2 |  | 
| Castle | 3 |  | 
| Gryphon Aviary | 1 |  | 
                27 total
 » build order
                00:19 Altar of Kings
00:31 Farm
00:46 Lumber Mill
01:16 Scout Tower
01:38 Farm
01:47 Guard Tower
02:12 Scout Tower
02:19 Scout Tower
02:50 Guard Tower
03:17 Keep
03:22 Scout Tower
04:18 Guard Tower
04:20 Arcane Vault
05:42 Arcane Sanctum
05:47 Arcane Sanctum
07:05 Farm
07:09 Farm
07:11 Farm
07:20 Castle
07:20 Castle
07:21 Castle
07:29 Gryphon Aviary
10:26 Farm
10:29 Farm
13:16 Farm
13:19 Farm
13:21 Farm
» items
                
                | Boots of Speed | 3 |  | 
| Circlet of Nobility | 3 |  | 
| Staff of Teleportation | 1 |  | 
| Scroll of Regeneration | 2 |  | 
| Lesser Clarity Potion | 5 |  | 
| Potion of Lesser Invulnerability | 2 |  | 
| Staff of Sanctuary | 1 |  | 
                17 total
  
               team 2 (loser) 
              
              
Adidas (
blue | 111 APM | 2272 actions | 20:23)
              
 5 Death Knight 
 3 Death Coil
 2 Unholy Aura
 4 Lich 
 2 Frost Nova
 2 Frost Armor
 3 Crypt Lord 
 2 Impale
 1 Spiked Carapace
 
                » actions 
                
                | Assign group hotkey | 35 |  | 
| Basic commands | 3 |  | 
| Build / train | 72 |  | 
| Enter build submenu | 13 |  | 
| Enter hero's abilities submenu | 13 |  | 
| Give item / drop item | 8 |  | 
| Remove unit from queue | 2 |  | 
| Right click | 1049 |  | 
| Select / deselect | 329 |  | 
| Select group hotkey | 617 |  | 
| Use ability | 131 |  | 
                2272 total
 » units 
                
                | Acolyte | 7 |  | 
| Ghoul | 8 |  | 
| Crypt Fiend | 9 |  | 
| Obsidian Statue | 4 |  | 
                28 total
 » upgrades
                
                | Burrow | 0 |  | 
| Ghoul Frenzy | 1 |  | 
| Web | 1 |  | 
| Destroyer Form | 1 |  | 
                3 total
 » buildings
                
                | Crypt | 1 |  | 
| Ziggurat | 6 |  | 
| Graveyard | 1 |  | 
| Altar of Darkness | 1 |  | 
| Tomb of Relics | 1 |  | 
| Halls of the Dead | 2 |  | 
| Nerubian Tower | 3 |  | 
| Slaughterhouse | 1 |  | 
| Black Citadel | 1 |  | 
                17 total
 » build order
                00:04 Crypt
00:12 Ziggurat
00:42 Graveyard
01:02 Altar of Darkness
01:30 Tomb of Relics
02:26 Ziggurat
02:32 Ziggurat
04:25 Halls of the Dead
04:38 Nerubian Tower
04:42 Ziggurat
06:59 Slaughterhouse
07:30 Nerubian Tower
08:33 Black Citadel
09:09 Ziggurat
10:44 Ziggurat
» items
                
                | Rod of Necromancy | 5 |  | 
| Boots of Speed | 1 |  | 
| Orb of Corruption | 1 |  | 
| Potion of Healing | 1 |  | 
                8 total
  
                Chat log
          (00:19 / All) Adidas: hi
(00:21 / All) Adidas: from?
(00:24 / All) LiVESTOCK: tx
(00:50 / All) LiVESTOCK: u
(00:54 / All) Adidas: ru